 Dungeon Crawl Stone Soup version 0.25.1-2-g60ff931df9 (webtiles) character file.

Game seed: 8117039880826001882

11567 lepoulpe303 the Covert (level 11, -2/51 HPs)
             Began as a Spriggan Earth Elementalist on Aug 25, 2020.
             Was an Initiate of Gozag.
             Slain by Mimor's ghost (12 damage)
             ... on level 10 of the Dungeon.
             The game lasted 01:16:08 (21432 turns).

lepoulpe303 the Covert (SpEE)                      Turns: 21432, Time: 01:16:08

Health: -2/51      AC:  5    Str:  4    XL:     11   Next: 51%
Magic:  12/25      EV: 26    Int: 26    God:    Gozag
Gold:   1598       SH:  0    Dex: 18    Spells: 4/29 levels left

rFire    . . .     SeeInvis +   b - +0 rapier
rCold    . . .     Gourm    .   (shield restricted)
rNeg     . . .     Faith    .   z - +1 robe of the Forest {Int+7}
rPois    +         Spirit   .   (helmet restricted)
rElec    .         Reflect  .   A - +1 cloak
rCorr    .         Harm     .   (gloves unavailable)
MR       +....                  (boots unavailable)
Stlth    +++++.....             (no amulet)
HPRegen  0.17/turn              P - ring of poison resistance
MPRegen  0.19/turn              W - ring of wizardry {Wiz+}

@: lethally poisoned (-2 -> -7), very quick
A: very small, unfitting armour, see invisible, herbivore, speed 3, slow
metabolism 2
a: Potion Petition, Call Merchant, Bribe Branch, Renounce Religion


You were on level 10 of the Dungeon.
You worshipped Gozag.
Gozag was most pleased with you.
You were hungry.

You visited 2 branches of the dungeon, and saw 12 of its levels.
You also visited: Sewer.

You collected 2045 gold pieces.
You spent 360 gold pieces at shops.
You paid 87 gold pieces to Gozag.

Inventory:

Hand Weapons
 a - a +1 dagger of venom
 b - a +0 rapier (weapon)
 c - a +0 dagger of flaming
 H - a +0 short sword of draining
Missiles
 m - 65 poisoned darts (quivered)
 Q - 124 stones
Armour
 n - a +0 robe
 u - a +1 robe of positive energy {rN+}
 z - the +1 robe of the Forest (worn) {Int+7}
   (You found it on level 6 of the Dungeon)

   It affects your intelligence (+7).
 A - a +1 cloak (worn)
 I - a +2 robe of fire resistance {rF+}
Jewellery
 f - an uncursed amulet of faith {Faith, !P}
 F - an uncursed ring of protection from fire
 G - an uncursed amulet of guardian spirit {Spirit}
 N - an uncursed ring of positive energy {rN+}
 P - a ring of poison resistance (left hand)
 W - a ring of wizardry (right hand) {Wiz+}
Wands
 D - a wand of digging (7)
Scrolls
 g - 4 scrolls of fear
 i - 6 scrolls of identify
 p - 2 scrolls of amnesia {unknown}
 r - 10 scrolls of teleportation {unknown}
 t - a scroll of enchant armour {unknown}
 w - 5 scrolls of remove curse
 x - a scroll of fog {unknown}
 y - a scroll of noise {unknown}
 B - a scroll of magic mapping {unknown}
 E - a scroll of immolation {unknown}
 J - a scroll of vulnerability {unknown}
Potions
 d - 2 potions of might
 h - 3 potions of haste
 j - 6 potions of flight
 k - 5 potions of stabbing
 l - 2 potions of heal wounds
 o - a potion of invisibility
 q - 4 potions of curing
 s - a potion of cancellation
 v - 4 potions of brilliance
 C - 6 potions of lignification {!q}
Comestibles
 e - 9 rations


   Skills:
 + Level 2.9 Fighting
 + Level 6.8 Short Blades
 + Level 9.7 Dodging
 + Level 10.4 Stealth
 + Level 9.7 Spellcasting
 * Level 9.2 Hexes
 - Level 1.3 Transmutations
 * Level 8.8 Earth Magic


You had 4 spell levels left.
You knew the following spells:

 Your Spells              Type           Power        Failure   Level  Hunger
a - Sandblast             Erth           ######       1%          1    None
b - Confusing Touch       Hex            ######..     1%          3    None
c - Petrify               Tmut/Erth      #####...     2%          4    None
d - Leda's Liquefaction   Hex/Erth       ######....   1%          4    None
e - Spectral Weapon       Hex/Chrm       #####...     1%          3    None
w - Passwall              Tmut/Erth      #####...     1%          2    None
x - Stone Arrow           Conj/Erth      #####.       1%          3    None
z - Lee's Rapid Deconstr  Erth           ######....   1%          5    ####...

Your spell library contained the following spells:

 Spells                   Type           Power        Failure   Level  Hunger
 Corona                   Hex            ######.      1%          1    None
 Infusion                 Chrm           ##..         1%          1    None
 Ensorcelled Hibernation  Hex/Ice        #####.       1%          2    None
 Slow                     Hex            ######..     1%          2    None
 Dazzling Flash           Conj/Hex       #####.       1%          3    None
 Inner Flame              Hex/Fire       #####...     1%          3    None
 Portal Projectile        Hex/Tloc       #####.       1%          3    None
 Tukima's Dance           Hex            ######..     1%          3    None
 Cause Fear               Hex            ######....   1%          4    None
 Shroud of Golubria       Chrm/Tloc      ##....       2%          2    None
 Song of Slaying          Chrm           ##......     2%          2    None
 Ozocubu's Armour         Chrm/Ice       ##......     6%          3    None


Dungeon Overview and Level Annotations

Branches:
Dungeon (11/15)            Temple (1/1) D:6            Lair (0/6) D:11
    Orc (0/2) D:9           Sewer (visited)

Altars:
Ashenzari
Cheibriados
Dithmenos
Elyvilon
Fedhas
Gozag
Hepliaklqana
Kikubaaqudgha
Makhleb
Nemelex Xobeh
Okawaru
Qazlal
Ru
Sif Muna
Trog
Uskayaw
Vehumet
Wu Jian
Xom
Yredelemnul
Zin
The Shining One

Shops:
D:7 !   D:11 *

Annotations:
D:2 Sigmund
D:10 Mimor's ghost, journeyman GnWn


Innate Abilities, Weirdness & Mutations

You are very small and have problems with some larger weapons.
You are too small for most types of armour.
You have supernaturally acute eyesight. (SInv)
You are a herbivore.
You cover ground extremely quickly.
You need to consume almost no food.


Message History

You hit Mimor's ghost but do no damage.
* * * LOW HITPOINT WARNING * * *
You feel sick.
You take 1 damage, and have 4/51 hp.
* * * LOW HITPOINT WARNING * * *
You feel sick.
You take 1 damage, and have 3/51 hp.
You feel better. Mimor's ghost completely misses you.
You regained 7 hp, and now have 10/51 hp.
You hit Mimor's ghost but do no damage. You hit Mimor's ghost but do no damage.
Mimor's ghost closely misses you.
You barely miss Mimor's ghost.
You are feeling hungry.
Mimor's ghost misses you.
You hit Mimor's ghost but do no damage.
Mimor's ghost hits you but does no damage.
You are poisoned.
You closely miss Mimor's ghost.
You feel sick. Mimor's ghost hits you!
You die...
Your body crumbles into a pile of gold.

#.# #.# #.##.# #.### ##'## #.#
#.##.# #.# ##...## #.# #..#.# #.#
#.....## #.####.#.# #.####
.......## #.#.##.#.# #.##.## #
>.......###...>#.#.#####.#...####
........'.......................'
........####...#.#######.#...####
.......## #...#@# #..........#
#.....## #...W.# #...###.##.#
##...## #...### #...# #.##!#
##'## ##.## #...###<##.# #.# #.#
#.......##.# #.#### #.#
#..###..##.# ##....# #.#
#..........# ##.....### #.#
######.##### #........# #.#
#.#####


You could see Mimor's ghost (confused).

Levels and vault maps discovered:
D:1:      heliophobic_arrival_dark_side_of_the_moon, layout_basic
D:2:      layout_loops_corners, first_ration, chequers_ecumenical_altar_simple,
          kennysheep_potato, uniq_sigmund
D:3:      kennysheep_slugbush, layout_basic, marbit_many_paths, st_stairs_7,
          minmay_door_square, chequers_decorated_corner, uniq_robin
D:4:      layout_basic, nicolae_ru_the_path_less_chosen,
          grunt_temple_overflow_open
D:5:      layout_gridville, hangedman_minor_gate_pass, uniq_ijyb
D:6:      layout_loops_cross, evilmike_ruin_ashenzari,
          nicolae_gozag_cash_rules_everything_around_me,
          minmay_temple_entry_butterflies, basic_altar, gup_sewer_entry_bowl,
          minmay_checkerbox
D:7:      layout_basic, nicolae_overflow_crystal_walls,
          nicolae_tso_besieged_by_evil, serial_shops, shop, uniq_pikel
D:8:      layout_loops_cross, old_standard_altar, kennysheep_mini, basic_altar,
          chequers_serial_rivers_micro_c
D:9:      layout_basic, lemuel_coloured_pillars_altar, kennysheep_mini_moat,
          lemuel_round_altar, erik_orc_4
D:10:     layout_loops_corners
D:11:     layout_cave_pools, erik_lair_orcish_takeover, ebering_ghost_gozag,
          hangedman_stone_soup, uniq_josephine
Temple:   compressed_dpeg_triangle_lava_temple

Notes
Turn   | Place    | Note
-------+----------+-------------------------------------------
     0 | D:1      | lepoulpe303 the Spriggan Earth Elementalist began the quest
                  | for the Orb.
     0 | D:1      | Reached XP level 1. HP: 9/9 MP: 5/5
    30 | D:1      | Identified a +0 club
   172 | D:1      | Identified a +0 club
   193 | D:1      | Reached skill level 3 in Spellcasting
   261 | D:1      | Identified a +0 club
   267 | D:1      | Reached XP level 2. HP: 13/13 MP: 5/7
   271 | D:1      | Learned a level 2 spell: Passwall
   346 | D:1      | Identified a +0 dagger
   394 | D:1      | Identified a +0 dagger
   489 | D:1      | Reached skill level 3 in Earth Magic
   850 | D:1      | Identified a +0 club
   875 | D:1      | Identified a +0 club
   878 | D:1      | Identified a +0 dagger
  1145 | D:1      | Identified a +0 club
  1146 | D:1      | Reached XP level 3. HP: 16/16 MP: 6/8
  1151 | D:1      | Learned a level 3 spell: Stone Arrow
  1460 | D:2      | Identified a +0 scythe of flaming
  1460 | D:2      | Identified a +0 robe
  1460 | D:2      | Noticed Sigmund
  1677 | D:2      | Identified a +0 dagger
  1793 | D:2      | Reached skill level 1 in Short Blades
  1903 | D:2      | Identified a +0 dagger
  2100 | D:2      | Identified a +0 dagger
  2130 | D:2      | Reached XP level 4. HP: 9/21 MP: 8/10
  2711 | D:2      | Identified 2 scrolls of remove curse
  2712 | D:2      | Identified a ring of poison resistance (You found it on
                  | level 2 of the Dungeon)
  2713 | D:2      | Identified a ring of teleportation (You found it on level 2
                  | of the Dungeon)
  2714 | D:2      | Identified an amulet of faith (You found it on level 1 of
                  | the Dungeon)
  2753 | D:2      | Identified a +1 cloak (You found it on level 2 of the
                  | Dungeon)
  2794 | D:2      | Found a faded altar of an unknown god.
  3344 | D:3      | Reached skill level 4 in Spellcasting
  3759 | D:3      | Identified a +0 dagger
  3759 | D:3      | Identified a +0 leather armour
  3759 | D:3      | You fall into a shaft and drop 2 floors!
  3759 | D:5      | Entered Level 5 of the Dungeon
  3761 | D:5      | Reached skill level 4 in Dodging
  3761 | D:5      | Reached skill level 4 in Stealth
  3761 | D:5      | Reached XP level 5. HP: 24/24 MP: 12/12
  3779 | D:5      | Learned a level 4 spell: Petrify
  3806 | D:5      | HP: 1/24 [worker ant (6)]
  4484 | D:5      | Identified a +0 club
  4670 | D:5      | HP: 5/24 [worm (10)]
  4935 | D:5      | Identified a +0 falchion
  4935 | D:5      | Identified a +0 leather armour
  4948 | D:5      | Identified a +0 flail
  4974 | D:5      | Identified 3 scrolls of identify
  4974 | D:5      | Identified an amulet of guardian spirit (You found it on
                  | level 3 of the Dungeon)
  4993 | D:5      | Identified a +0 scale mail
  4995 | D:5      | Identified a +0 giant club
  4995 | D:5      | Noticed an ogre
  5054 | D:5      | Identified a +5 club
  5054 | D:5      | Identified a +0 scale mail
  5054 | D:5      | Noticed Ijyb
  5132 | D:5      | Killed an ogre
  5132 | D:5      | Reached skill level 2 in Short Blades
  5132 | D:5      | Reached skill level 4 in Earth Magic
  5132 | D:5      | Reached XP level 6. HP: 28/28 MP: 14/14
  5191 | D:5      | Identified a ring of attention (You found it on level 5 of
                  | the Dungeon)
  5213 | D:4      | Found a hide-covered altar of Uskayaw.
  5213 | D:4      | Identified a +0 whip
  5213 | D:4      | Identified a +0 flail
  5215 | D:4      | Found a blossoming altar of Fedhas.
  5217 | D:4      | Identified a +0 halberd
  5239 | D:3      | Reached skill level 5 in Spellcasting
  5243 | D:3      | Identified a +0 dagger
  5504 | D:3      | Identified a +0 chain mail
  5694 | D:3      | Found a hazy altar of Hepliaklqana.
  5704 | D:3      | Identified a +0 club
  5704 | D:3      | Identified a +0 dagger
  5725 | D:3      | Identified a +0 short sword
  5756 | D:2      | Identified a ring of wizardry (You found it on level 3 of
                  | the Dungeon)
  5890 | D:3      | Identified a +0 flail
  6120 | D:3      | Identified a +0 dagger
  6121 | D:3      | Identified a +0 club
  6123 | D:3      | Identified a +0 dagger
  6394 | D:3      | Identified a +0 short sword of draining
  6394 | D:3      | Identified a +0 animal skin
  6394 | D:3      | Identified a +0 helmet
  6394 | D:3      | Noticed Robin
  6422 | D:3      | Killed Robin
  6563 | D:3      | Identified a +0 club
  6615 | D:3      | Identified a +0 dagger
  6615 | D:3      | Identified a +0 club
  6615 | D:3      | Identified a +0 dagger
  6616 | D:3      | Identified a +0 dagger
  6616 | D:3      | Identified a +1 robe of positive energy
  6618 | D:3      | Identified a +0 leather armour
  6618 | D:3      | Identified a +0 whip
  6637 | D:3      | Reached skill level 5 in Stealth
  6864 | D:4      | Reached skill level 5 in Dodging
  7020 | D:4      | Reached XP level 7. HP: 32/32 MP: 13/16
  7027 | D:4      | Learned a level 5 spell: Lee's Rapid Deconstruction
  7116 | D:4      | Identified 2 potions of stabbing
  7117 | D:4      | Identified 2 potions of lignification
  7143 | D:4      | Identified a +0 dagger
  7143 | D:4      | Identified a +0 robe
  7152 | D:4      | Identified a +3 falchion
  7154 | D:4      | Identified a +0 club
  7154 | D:4      | Identified a +0 leather armour
  7155 | D:4      | Identified a +0 leather armour
  7233 | D:4      | Identified a +0 hand axe
  7634 | D:4      | Found a sacrificial altar of Ru.
  7933 | D:4      | Reached skill level 3 in Short Blades
  8301 | D:5      | Reached skill level 6 in Spellcasting
  8301 | D:5      | Reached skill level 5 in Earth Magic
  8562 | D:5      | Killed Ijyb
  8907 | D:5      | Identified a +0 leather armour
  8907 | D:5      | Identified a +0 leather armour
  8907 | D:5      | Identified a +0 whip
  8907 | D:5      | Identified a cursed +0 chain mail
  8907 | D:5      | Identified a +0 flail
  8907 | D:5      | Identified a +0 chain mail
  8916 | D:5      | Identified a +0 whip
  8916 | D:5      | Identified a +0 ring mail
  9045 | D:6      | Learned a level 3 spell: Confusing Touch
  9048 | D:6      | Reached skill level 6 in Stealth
  9054 | D:6      | Identified a +0 short sword
  9054 | D:6      | Identified a +0 leather armour
  9082 | D:6      | Found a staircase to the Ecumenical Temple.
  9087 | D:6      | Got a fine robe
  9098 | Temple   | Entered the Ecumenical Temple
  9169 | D:6      | Found a basalt altar of Yredelemnul.
  9221 | D:6      | Found an opulent altar of Gozag.
  9226 | D:6      | Became a worshipper of Gozag Ym Sagoz the Greedy
  9256 | D:6      | Identified a +0 trident
  9256 | D:6      | Identified a +0 plate armour
  9262 | D:6      | Identified a +0 hand axe
  9262 | D:6      | Identified a cursed +0 leather armour
  9275 | D:6      | Identified a +0 club
  9286 | D:6      | Reached skill level 1 in Hexes
  9286 | D:6      | Reached XP level 8. HP: 17/36 MP: 8/18
  9368 | D:6      | Found a glowing drain.
  9394 | D:6      | Reached skill level 6 in Dodging
  9414 | Sewer    | Entered a sewer
  9601 | Sewer    | Noticed Purgy
  9604 | Sewer    | Killed Purgy
  9604 | Sewer    | Reached skill level 2 in Hexes
  9674 | Sewer    | Identified a +0 club
  9732 | Sewer    | Identified 2 potions of brilliance
  9733 | Sewer    | Identified 2 potions of degeneration
  9735 | Sewer    | Identified a potion of invisibility
  9736 | Sewer    | Identified a potion of heal wounds
  9737 | Sewer    | Identified 5 scrolls of random uselessness
  9822 | D:6      | Found a shattered altar of Ashenzari.
  9851 | D:6      | Identified a +0 club
  9851 | D:6      | Identified a +0 flail
  9852 | D:6      | Identified a +0 spear
 10499 | D:7      | Identified a +0 short sword
 10522 | D:7      | Reached skill level 7 in Spellcasting
 10522 | D:7      | Reached skill level 3 in Hexes
 10523 | D:7      | Identified a +0 dagger of flaming
 10571 | D:7      | Identified a +0 whip of flaming
 10571 | D:7      | Identified a cursed +0 robe
 10571 | D:7      | Noticed Pikel
 10638 | D:7      | Identified a +1 dagger of venom
 10723 | D:7      | Found Feuxt's Distillery.
 10735 | D:7      | Found a glowing golden altar of the Shining One.
 10804 | D:7      | Reached skill level 4 in Short Blades
 10824 | D:7      | Bought a potion of heal wounds for 75 gold pieces
 10824 | D:7      | Bought a potion of brilliance for 60 gold pieces
 10890 | D:7      | Reached skill level 7 in Stealth
 10890 | D:7      | Reached skill level 6 in Earth Magic
 10985 | D:7      | Killed Pikel
 10985 | D:7      | Reached skill level 7 in Dodging
 10985 | D:7      | Reached skill level 4 in Hexes
 10985 | D:7      | Reached XP level 9. HP: 24/39 MP: 19/21
 11159 | D:7      | Reached skill level 8 in Spellcasting
 11204 | D:7      | Found a radiant altar of Vehumet.
 11436 | D:7      | Reached skill level 5 in Hexes
 11911 | D:7      | Identified the cursed +1 robe of the Forest {Int+7} (You
                  | found it on level 6 of the Dungeon)
 12105 | D:8      | Identified a +0 club
 12105 | D:8      | Identified a +0 leather armour
 12112 | D:8      | Identified a +0 shortbow
 12344 | D:8      | Identified a ring of positive energy (You found it on level
                  | 7 of the Dungeon)
 12452 | D:8      | Found a basalt altar of Yredelemnul.
 12483 | D:8      | Identified a +0 short sword
 12483 | D:8      | Identified a +0 hand crossbow
 12485 | D:8      | Identified a +0 whip
 12485 | D:8      | Identified a +0 ring mail
 12490 | D:8      | Identified a +0 dagger
 12490 | D:8      | Identified a +0 robe
 12493 | D:8      | Identified a +0 war axe
 12716 | D:8      | Identified a +0 shortbow
 12756 | D:8      | Identified a +0 flail
 12768 | D:8      | Reached skill level 8 in Stealth
 12937 | D:8      | Reached skill level 5 in Short Blades
 13040 | D:8      | HP: 1/39 [wyvern (16)]
 13070 | D:8      | Reached skill level 7 in Earth Magic
 13526 | D:8      | Found a bloodstained altar of Trog.
 13526 | D:8      | Identified a +0 club
 13526 | D:8      | Identified a +0 chain mail
 13564 | D:8      | Reached skill level 6 in Hexes
 13924 | D:8      | Identified a +0 falchion
 13924 | D:8      | Identified a +0 robe
 13968 | D:8      | Reached skill level 8 in Dodging
 14060 | D:8      | Identified a +2 morningstar
 14060 | D:8      | Identified a +2 robe of magic resistance
 14060 | D:8      | Identified a +0 short sword
 14060 | D:8      | Identified a +0 robe
 14233 | D:8      | Reached XP level 10. HP: 32/44 MP: 18/23
 14666 | D:8      | Found a snail-covered altar of Cheibriados.
 14813 | D:9      | Identified a +0 dagger
 14813 | D:9      | Identified a +0 robe
 14815 | D:9      | Identified a +0 dagger
 14815 | D:9      | Identified a +0 leather armour
 14815 | D:9      | Identified a +0 dagger of venom
 14815 | D:9      | Identified a cursed +0 robe
 14875 | D:9      | Identified a cursed -2 mace
 14875 | D:9      | Identified a +0 leather armour
 14876 | D:9      | Identified a +0 leather armour
 14891 | D:9      | Identified a cursed -3 hand axe
 14922 | D:9      | Identified a +0 hand axe
 14959 | D:9      | Identified a +0 trident
 14959 | D:9      | Identified a +0 chain mail
 15025 | D:9      | Identified a +0 dagger
 15025 | D:9      | Identified a +0 chain mail
 15069 | D:9      | Identified a cursed -2 short sword
 15069 | D:9      | Identified a +0 robe
 15139 | D:9      | Identified a +0 hand axe
 15139 | D:9      | Identified a +0 chain mail
 15227 | D:9      | Identified a +0 dagger
 15227 | D:9      | Identified a +0 leather armour
 15245 | D:9      | Identified a +0 scimitar
 15245 | D:9      | Identified a cursed +0 scale mail
 15250 | D:9      | Found a staircase to the Orcish Mines.
 15277 | D:9      | Reached skill level 1 in Fighting
 15277 | D:9      | Identified a +0 dagger
 15277 | D:9      | Identified a +0 robe
 15279 | D:9      | Identified a cursed -2 shortbow
 15292 | D:9      | Identified a +0 rapier
 15300 | D:9      | Identified a +0 club
 15318 | D:9      | Identified a +0 dagger
 15318 | D:9      | Identified a +0 robe
 15319 | D:9      | Identified a +0 mace
 15319 | D:9      | Identified a +0 ring mail
 15326 | D:9      | Identified a +0 dagger
 15574 | D:9      | Identified a +0 dagger
 15574 | D:9      | Identified a cursed +0 leather armour
 15577 | D:9      | Identified a +0 whip
 15578 | D:9      | Identified a +0 flail
 15596 | D:9      | Identified a +0 morningstar
 15596 | D:9      | Identified a +0 ring mail
 15600 | D:9      | Identified a +0 spear
 15621 | D:9      | Reached skill level 7 in Hexes
 15642 | D:9      | Identified a +0 hand axe
 15642 | D:9      | Identified a +0 chain mail
 15668 | D:9      | Reached skill level 9 in Stealth
 15820 | D:9      | Found an ornate altar of the Wu Jian Council.
 15879 | D:9      | Learned a level 4 spell: Leda's Liquefaction
 16198 | D:9      | Found a shadowy altar of Dithmenos.
 16209 | D:9      | Reached skill level 9 in Spellcasting
 16575 | D:9      | Found a burning altar of Makhleb.
 16578 | D:9      | Identified 3 potions of haste
 16579 | D:9      | Identified a potion of cancellation
 16580 | D:9      | Identified 3 scrolls of fear
 16582 | D:9      | Identified a ring of protection from fire (You found it on
                  | level 9 of the Dungeon)
 16621 | D:10     | Entered Level 10 of the Dungeon
 16676 | D:10     | Identified a +0 mace
 16676 | D:10     | Identified a +0 scale mail
 16686 | D:10     | Identified a +0 dagger
 16790 | D:10     | Identified a +0 short sword
 16878 | D:10     | Noticed an unseen horror
 16911 | D:10     | HP: 11/46 [unseen horror (10)]
 16913 | D:10     | Killed an unseen horror
 17200 | D:10     | Identified a +0 short sword
 17200 | D:10     | Identified a +0 robe
 17200 | D:10     | Identified a +3 war axe of freezing
 17200 | D:10     | Identified a cursed -1 robe
 17200 | D:10     | Identified a +0 dagger
 17200 | D:10     | Identified a +0 robe
 17200 | D:10     | Identified a cursed +0 battleaxe
 17200 | D:10     | Identified a +0 robe
 17235 | D:10     | Reached skill level 6 in Short Blades
 17302 | D:10     | Identified a +1 flail of holy wrath
 17303 | D:10     | Identified a +0 mace
 17303 | D:10     | Identified a +0 dagger
 17303 | D:10     | Identified a +0 robe
 17318 | D:10     | Identified a +0 short sword
 17338 | D:10     | Reached skill level 8 in Earth Magic
 17477 | D:10     | Learned a level 3 spell: Spectral Weapon
 17866 | D:10     | Identified a +0 mace
 17866 | D:10     | Identified a +0 plate armour
 17994 | D:10     | Reached skill level 2 in Fighting
 18009 | D:10     | Reached skill level 9 in Dodging
 18009 | D:10     | Reached skill level 8 in Hexes
 18238 | D:11     | Identified a cursed -2 shortbow
 18244 | D:11     | Identified a +0 giant club
 18260 | D:11     | Identified a +0 rapier
 18260 | D:11     | Identified a +0 ring mail
 18260 | D:11     | Noticed a deep elf mage
 18260 | D:11     | Identified a +0 trident
 18286 | D:11     | Reached XP level 11. HP: 27/50 MP: 23/25
 18295 | D:11     | HP: 12/50 [warg (17)]
 18299 | D:11     | Identified a +0 club
 18723 | D:11     | Killed a deep elf mage
 18760 | D:11     | Found a runed translucent gate.
 18760 | D:11     | Found a runed translucent gate.
 18760 | D:11     | Found a runed translucent gate.
 18762 | D:11     | Found an opulent altar of Gozag.
 18954 | D:11     | Paralysed by a hornet for 1 turns
 18956 | D:11     | HP: 9/50 [hornet (14)]
 18957 | D:11     | Identified 6 potions of flight
 19215 | D:7      | Bought a potion of curing for 45 gold pieces
 19215 | D:7      | Bought 2 potions of curing for 90 gold pieces
 19215 | D:7      | Bought a potion of curing for 45 gold pieces
 19215 | D:7      | Bought a potion of curing for 45 gold pieces
 19313 | D:11     | Identified a cursed -1 club
 19314 | D:11     | Found a staircase to the Lair.
 19314 | D:11     | Identified a +0 trident
 19314 | D:11     | Identified a +0 chain mail
 19315 | D:11     | Identified a +0 dagger
 19315 | D:11     | Identified a +0 robe
 19315 | D:11     | Identified a +1 vampiric short sword
 19315 | D:11     | Identified a +0 ring mail
 19338 | D:11     | HP: 11/51 [warg (8)]
 19359 | D:11     | Reached skill level 10 in Stealth
 19664 | D:11     | Identified a +0 mace
 19861 | D:11     | Identified a +0 dagger
 19861 | D:11     | Identified a +0 robe
 19861 | D:11     | Noticed Josephine
 20518 | D:11     | Killed Josephine
 20644 | D:11     | Reached skill level 9 in Hexes
 20841 | D:11     | HP: 10/51 [wraith (6)]
 20917 | D:10     | Identified a +2 robe of fire resistance (You found it on
                  | level 11 of the Dungeon)
 21180 | D:11     | Noticed an unseen horror
 21195 | D:11     | Killed an unseen horror
 21296 | D:11     | Found Direjejo's Assorted Antiques.
 21296 | D:11     | Noticed a phantasmal warrior
 21299 | D:11     | Identified a +0 dagger
 21299 | D:11     | Noticed Mimor's ghost (journeyman GnWn)
 21300 | D:11     | Noticed a four-headed hydra
 21358 | D:11     | Identified a +2 battleaxe
 21358 | D:11     | Identified a +0 chain mail
 21358 | D:11     | Noticed a death knight
 21424 | D:10     | HP: 5/51 [Mimor's ghost (8)]
 21432 | D:10     | HP: 10/51 [poisoned by Mimor's ghost]
 21432 | D:10     | Slain by Mimor's ghost

Table legend:
 A = Turns spent in this place as a percentage of turns spent in the entire game.
 B = Non-inter-level travel turns spent in this place as a percentage of non-inter-level travel turns spent in the entire game.
 C = Inter-level travel turns spent in this place as a percentage of turns spent in this place.
 D = Turns resting spent in this place as a percentage of non-inter-level travel turns spent in this place.
 E = Turns spent auto-exploring this place as a percentage of non-inter-level travel turns spent in this place.
 F = Non-inter-level travel turns spent in this place divided by the number of levels of this place that you've seen.
                   A       B       C       D       E      F
               +-------+-------+-------+-------+-------+----------------------
         Total | 100.0 | 100.0 |   2.1 |  36.8 |  31.5 | 1613.8
       Dungeon |  98.2 |  98.1 |   2.1 |  36.7 |  31.7 | 1871.5
        Temple |   0.3 |   0.3 |   0.0 |   0.0 |   0.0 |  66.0
         Sewer |   1.5 |   1.6 |   0.0 |  50.5 |  24.2 | 327.0
               +-------+-------+-------+-------+-------+----------------------

Table legend:
 A = Kills in this place as a percentage of kills in entire the game.
 B = Kills by you in this place as a percentage of kills by you in the entire game.
 C = Kills by friends in this place as a percentage of kills by friends in the entire game.
 D = Other kills in this place as a percentage of other kills in the entire game.
 E = Experience gained in this place as a percentage of experience gained in the entire game.
 F = Experience gained in this place divided by the number of levels of this place that you have seen.
                   A       B       C       D       E      F
               +-------+-------+-------+-------+-------+----------------------
         Total | 100.0 | 100.0 | 100.0 | 100.0 | 100.0 | 1271.2
       Dungeon |  98.2 |  98.2 | 100.0 | 100.0 |  99.0 | 1487.9
         Sewer |   1.8 |   1.8 |   0.0 |   0.0 |   1.0 | 158.0
               +-------+-------+-------+-------+-------+----------------------

Skill      XL: |  1  2  3  4  5  6  7  8  9 10 11 |
---------------+----------------------------------+-----
Spellcasting   | 3 4 5 6 7 8 9 |  9.7
Earth Magic    | 3 4 5 6 7 8 |  8.8
Short Blades   | 1 2 3 4 5 6 |  6.8
Dodging        | 4 5 7 8 9 |  9.7
Stealth        | 4 5 6 7 8 9 10 | 10.4
Hexes          | 1 4 6 8 9 |  9.2
Fighting       | 2 |  2.9
Transmutations | |  1.3

Action                   |  1- 3 |  4- 6 |  7- 9 | 10-12 || total
-------------------------+-------+-------+-------+-------++-------
Melee: Unarmed           |    13 |       |       |       ||    13
       Dagger            |   139 |   461 |   148 |   421 ||  1169
       Short sword       |       |    41 |   547 |    53 ||   641
       Rapier            |       |       |       |   155 ||   155
Throw: Dart              |       |   105 |    69 |    21 ||   195
 Cast: Sandblast         |    32 |    19 |    35 |    34 ||   120
       Stone Arrow       |       |     2 |    21 |    10 ||    33
       Confusing Touch   |       |       |     1 |    20 ||    21
       Lee's Rapid Decon |       |       |       |     3 ||     3
       Spectral Weapon   |       |       |       |     1 ||     1
Evoke: Wand              |       |       |     6 |     4 ||    10
  Use: Scroll            |       |     4 |     7 |     4 ||    15
       Potion            |       |       |       |     3 ||     3
 Stab: Sleeping          |     6 |    10 |    17 |    11 ||    44
       Distracted        |       |     2 |     3 |     4 ||     9
       Confused          |       |       |     1 |    28 ||    29
  Eat: Ration            |       |     3 |     4 |     4 ||    11
Armor: Robe              |    17 |    65 |    73 |    39 ||   194
Dodge: Dodged            |   139 |   458 |   597 |   463 ||  1657

Vanquished Creatures
  Josephine (D:11)
  2 unseen horrors
  Pikel (D:7)
  A deep elf mage (D:11)
  A gargoyle (D:11)
  A centaur zombie (D:11)
  A merfolk (D:11)
  A hornet (D:11)
  4 wraiths (D:11)
  3 wyverns
  4 yaks (D:10)
  2 wargs
  Purgy (Sewer)
  3 black bears
  4 sky beasts
  2 slaves (D:6)
  6 orc warriors
  5 ice beasts
  2 phantoms
  A necrophage (D:9)
  4 centaurs
  2 ogres
  2 big kobolds (D:7)
  6 bullfrogs
  3 scorpions
  7 wights
  6 killer bees
  A howler monkey (D:9)
  3 bullfrog zombies
  3 crimson imps
  4 hounds
  3 jellies
  10 orc priests
  2 bullfrog skeletons
  3 centaur skeletons
  An iron imp (D:7)
  Ijyb (D:5)
  3 iguanas
  10 orc wizards
  15 worker ants
  5 hound skeletons
  A hound zombie (D:6)
  A worker ant zombie (D:7)
  Robin (D:3)
  10 gnolls
  13 adders
  A river rat (D:6)
  A shadow imp (D:5)
  5 oozes
  An adder skeleton (D:9)
  4 worms
  14 dart slugs
  3 leopard geckos
  49 orcs
  9 giant cockroaches
  17 goblins
  11 hobgoblins
  16 jackals
  18 kobolds
  A quokka (D:3)
  7 bats
  4 frilled lizards
  A giant cockroach zombie (D:5)
  A goblin zombie (D:7)
  A hobgoblin zombie (D:7)
  A kobold skeleton (D:7)
  A kobold zombie (D:7)
  A leopard gecko skeleton (D:4)
  An orc skeleton (D:7)
  A quokka skeleton (D:9)
  8 rats
  A butterfly (D:6)
344 creatures vanquished.

Vanquished Creatures (collateral kills)
  A warg (D:11)
1 creature vanquished.

Vanquished Creatures (others)
  A hound zombie (D:11)
  An orc (D:11)
  A spectral weapon (D:11)
3 creatures vanquished.

Grand Total: 348 creatures vanquished
